 Dungeon Crawl Stone Soup version 0.19.0-11-g3fc08b3 (webtiles) character file.

25 mopl the Ducker (level 2, 0/14 HPs)
             Began as a Felid Abyssal Knight on Nov 8, 2016.
             Was a Believer of Lugonu.
             Killed by a spatial distortion (2 damage)
             ... on level 1 of the Dungeon.
             The game lasted 00:01:43 (563 turns).

mopl the Ducker (Felid Abyssal Knight)               Turns: 563, Time: 00:01:43

Health: 0/14       AC:  1    Str:  8    XL:     2   Next: 82%
Magic:  4/4        EV: 18    Int: 13    God:    Lugonu [**....]
Gold:   44         SH:  0    Dex: 15    Spells: 0 memorised, 1 level left
                                        Lives:  0   Deaths: 0

rFire  . . .     SeeInvis +       - Unarmed
rCold  . . .     Gourm    .     (armour unavailable)
rNeg   . . .     Faith    .     (shield unavailable)
rPois  .         Spirit   .     (helmet unavailable)
rElec  .         Reflect  .     (cloak unavailable)
rCorr  .         Harm     .     (gloves unavailable)
MR     .....                    (boots unavailable)
Stlth  ++........               (no amulet)
                                (no ring)
                                (no ring)

@: quick
A: no armour, no weapons or thrown items, stealth, claws 1, fangs 3, see
invisible, carnivore 3, speed 1, shaggy fur 1, slow metabolism 1, sharp paws
a: Depart the Abyss, Bend Space, Renounce Religion


You were on level 1 of the Dungeon.
You worshipped Lugonu.
Lugonu was pleased with you.
You were very full.

You visited 1 branch of the dungeon, and saw 2 of its levels.
You visited the Abyss 1 time.

You collected 44 gold pieces.

Inventory:

Scrolls
 c - 2 scrolls of remove curse {unknown}
 e - a scroll of recharging {unknown}
Potions
 b - a potion of curing {unknown}
 d - a potion of mutation {unknown}
 f - a potion of ambrosia {unknown}
Comestibles
 a - a meat ration


   Skills:
 - Level 3.0 Fighting
 - Level 3.2 Dodging
 + Level 2.0 Stealth
 * Level 2.8 Unarmed Combat
 + Level 2.0 Invocations


You had one spell level left.
You didn't know any spells.

Dungeon Overview and Level Annotations

Branches:
Dungeon (2/15)

Altars:
Vehumet

Annotations:
D:2 Sigmund, Terence


Innate Abilities, Weirdness & Mutations

You cannot wear armour.
You are incapable of wielding weapons or throwing items.
Your paws allow you to move quietly. (Stealth)
You have sharp claws.
You have razor-sharp teeth.
You have supernaturally acute eyesight. (SInv)
You are carnivorous and can eat meat at any time.
You cover ground quickly.
You are covered in fur. (AC +1)
You have a slow metabolism.
Your sharp claws are effective at attacking unaware monsters.


Message History

You scratch the kobold.
The kobold is severely wounded.
The kobold misses you.
You scratch the kobold.
You kill the kobold!
Lugonu accepts your kill.
Your Stealth skill increases to level 2!
No target in view!
Things that are here:
a dagger; a kobold corpse You see here a smoky brown potion.
f - a smoky brown potion The gnoll closely misses you.
Things that are here:
a dagger; a kobold corpse The gnoll hits you with a spear!
Ouch! That really hurt!
* * * LOW HITPOINT WARNING * * *
Space bends around you!
You blink.
You die...

######
##...##.###g.........
#... ..#.#...#?..#.#
##.##.##.##........#
#?#..#.).#...##### .
###.##..ยง##..# #..
#..#....g#..#
#...#..#.....#..#
#.............#
#...@........#
##############


You could see a gnoll.

Vanquished Creatures
  An ooze (D:1)
  A leopard gecko (D:1)
  A ball python (D:1)
  3 bats (D:1)
  2 giant cockroaches (D:1)
  A goblin (D:2)
  A hobgoblin (D:1)
  2 frilled lizards
  4 kobolds (D:1)
  3 rats
19 creatures vanquished.

Notes
Turn   | Place    | Note
-------+----------+-------------------------------------------
     0 | Abyss:1  | mopl the Felid Abyssal Knight began the quest for the Orb.
     0 | Abyss:1  | Reached XP level 1. HP: 10/10 MP: 3/3
    70 | D:1      | Escaped the Abyss
   151 | D:1      | Reached skill level 1 in Stealth
   154 | D:1      | Reached XP level 2. HP: 8/14 MP: 4/4
   236 | D:2      | Found a radiant altar of Vehumet.
   301 | D:2      | Noticed Sigmund
   334 | D:2      | Noticed Terence
   489 | D:1      | Reached skill level 2 in Invocations
   527 | D:1      | Reached ** piety under Lugonu
   555 | D:1      | Reached skill level 2 in Stealth
   563 | D:1      | Killed by a spatial distortion

Skill      XL: |  1  2 |
---------------+-------+-----
Stealth        | 1 2 |  2.0
Invocations    | 2 |  2.0
Fighting       | |  3.0
Dodging        | |  3.2
Unarmed Combat | |  2.8

Action                   || total
-------------------------++-------
Melee: Unarmed           ||    45
       Bite              ||     5
       Punch             ||     1
 Stab: Sleeping          ||     4
  Eat: Chunk             ||     5
Dodge: Dodged            ||    33
